 Dungeon Crawl Stone Soup version 0.26.0-5-gb5863c6483 (webtiles) character file.

Game seed: 7599054913639705290

5175 Delamore the Basher (level 10, -4/59 HPs)
             Began as a Gargoyle Fighter on Jan 10, 2021.
             Was an Elder of Okawaru.
             Slain by Erolcha
             ... wielding a +0 giant club
              (15 damage)
             ... on level 9 of the Dungeon.
             The game lasted 00:11:16 (11311 turns).

Delamore the Basher (Gargoyle Fighter)             Turns: 11311, Time: 00:11:16

Health: -4/59      AC: 22    Str: 28    XL:     10   Next: 59%
Magic:  10/10      EV:  5    Int: 10    God:    Okawaru [****..]
Gold:   646        SH: 10    Dex:  9    Spells: 9/9 levels left

rFire    . . .     SeeInvis .   R - +8 whip "Snakebite" {curare, rPois}
rCold    . . .     Faith    .   c - +0 kite shield
rNeg     + . .     Spirit   .   H - +0 plate armour
rPois    ∞         Reflect  .   p - +0 helmet
rElec    +         Harm     .   I - scarf {+Inv}
rCorr    .         Rampage  .   (no gloves)
Will     .....                  P - +2 pair of boots
Stlth    ..........             N - amulet of magic regeneration
HPRegen  0.19/turn              b - ring of flight
MPRegen  0.37/turn              D - +6 ring of strength

@: slowed, very slow
A: negative energy resistance 1, electricity resistance, unbreathing,
petrification resistance, miasma immunity, AC +7
a: Renounce Religion, Evoke Invisibility, Evoke Flight, Heroism


You were on level 9 of the Dungeon.
You worshipped Okawaru.
Okawaru was greatly pleased with you.
You visited 1 branch of the dungeon, and saw 9 of its levels.
You also visited: Ossuary and Bailey.

You collected 646 gold pieces.

Inventory:

Hand Weapons
 a - a +0 flail
 G - a +0 dire flail
 L - a +1 mace of protection
 R - the +8 whip "Snakebite" (weapon) {curare, rPois}
   (You found it in a bailey)

   It poisons the flesh of those it strikes.
   It protects you from poison.
Missiles
 F - 7 javelins (quivered)
 M - 17 poisoned darts
 Q - 9 throwing nets
Armour
 c - a +0 kite shield (worn)
 k - a +0 pair of boots
 p - a +0 helmet (worn)
 H - a +0 plate armour (worn)
 I - a scarf of invisibility (worn)
 P - a +2 pair of boots (worn)
Jewellery
 b - a ring of flight (left hand)
 n - an uncursed ring of ice
 D - a +6 ring of strength (right hand)
 K - an uncursed ring of ice
 N - an amulet of magic regeneration (around neck)
 T - an uncursed amulet of guardian spirit
Wands
 C - a wand of iceblast (8)
Scrolls
 f - 2 scrolls of random uselessness {unknown}
 g - 3 scrolls of remove curse
 l - a scroll of enchant weapon
 m - a scroll of immolation
 o - 6 scrolls of teleportation
 r - a scroll of blinking
 w - 4 scrolls of magic mapping {unknown}
 y - a scroll of holy word
 B - 2 scrolls of summoning
 J - a scroll of acquirement {unknown}
 O - a scroll of noise {unknown}
 S - 5 scrolls of identify
 U - 2 scrolls of enchant armour {unknown}
Potions
 d - 3 potions of might
 e - 3 potions of cancellation {unknown}
 h - 3 potions of mutation {unknown}
 i - 9 potions of curing {unknown}
 j - 4 potions of degeneration {unknown}
 q - a potion of lignification {unknown}
 s - 2 potions of flight {unknown}
 t - a potion of magic {unknown}
 u - 4 potions of heal wounds {unknown}
 v - 2 potions of berserk rage {unknown}
 x - a potion of resistance {unknown}
 z - 2 potions of ambrosia {unknown}
 A - a potion of brilliance {unknown}
 E - 4 potions of haste {unknown}


   Skills:
 + Level 5.1 Fighting
 - Level 14.0 Maces & Flails
 - Level 3.2 Armour
 + Level 5.1 Shields
 + Level 0.9 Invocations


You had 9 spell levels left.
You didn't know any spells.
Your spell library contained the following spells:

 Spells                   Type           Power        Failure   Level
 Magic Dart               Conj           0%           100%        1
 Searing Ray              Conj           0%           100%        2
 Dazzling Flash           Conj/Hex       0%           100%        3
 Fulminant Prism          Conj/Hex       0%           100%        4
 Iskenderun's Mystic Bla  Conj/Tloc      0%           100%        4
 Blade Hands              Tmut           0%           100%        5
 Bolt of Magma            Conj/Fire/Erth 0%           100%        5
 Excruciating Wounds      Necr           0%           100%        5
 Lee's Rapid Deconstruct  Erth           0%           100%        5
 Lightning Bolt           Conj/Air       0%           100%        5
 Silence                  Hex/Air        0%           100%        5


Dungeon Overview and Level Annotations

Branches:
Dungeon (9/15)            Ossuary (visited)          Bailey (visited)
 Temple: D:4-7         Lair: D:8-11         Orc: D:9-12

Altars:
Ashenzari
Cheibriados
Dithmenos
Okawaru
Sif Muna
Trog
Uskayaw

Shops:
D:5 [

Annotations:
D:8 2 transporters, Tinylith's ghost, novice DDFi
D:9 Erolcha


Innate Abilities, Weirdness & Mutations

You are resistant to torment.
Your stone body is resilient. (AC +7)
You are immune to poison.
You resist negative energy. (rN+)
You are resistant to electric shocks. (rElec)
You can survive without breathing.
You are immune to petrification.
You are immune to miasma.


Message History

No target in view!
You block Erolcha's attack. Erolcha barely misses you.
You block Erolcha's attack.
Erolcha casts a spell.
Erolcha seems to speed up.
You hit Erolcha but do no damage.
Erolcha points at you and mumbles some strange words.
The bolt of cold misses you.
You barely miss Erolcha. Erolcha hits you with a +0 giant club.
You whack Erolcha!
Erolcha is lightly wounded.
Erolcha hits you with a +0 giant club!!
* * * LOW HITPOINT WARNING * * *
You whack Erolcha!
Erolcha looks as sick as possible!
Erolcha is heavily wounded.
Erolcha hits you but does no damage.
You hit Erolcha.
Erolcha looks as sick as possible!
Erolcha is severely wounded.
Erolcha hits you with a +0 giant club!
You die...

### #...###### #........#
.......@.# .......O.#######
. .$..#####.......# .. ...
#...........#
....##......#...........###
...................[......#
........<.................#
..................#.......#
..........................##


You could see Erolcha (fast, extremely poisoned).

Vanquished Creatures
  6 yaks
  Menkaure (D:6)
  An ice beast (D:8)
  3 orc warriors
  An eye of draining (D:9)
  4 necrophages
  4 ogres
  2 bullfrogs
  A wyvern zombie (D:7)
  8 gnoll sergeants (Bailey)
  15 killer bees
  2 wights (D:8)
  A jelly (D:9)
  A bullfrog skeleton (D:7)
  2 orc priests
  2 centaur skeletons
  6 gnoll shamans (Bailey)
  4 hounds
  7 orc wizards
  An iguana (D:7)
  5 worker ants
  A killer bee zombie (D:8)
  A hound zombie (D:6)
  2 worker ant zombies
  13 mummies
  21 gnolls
  13 adders
  2 shadow imps
  2 white imps
  2 ufetubi
  An ooze (D:1)
  An adder zombie (D:5)
  An adder skeleton (D:9)
  3 worms
  4 dart slugs
  4 leopard geckos
  29 orcs
  4 bats
  5 giant cockroaches
  7 goblins
  10 hobgoblins
  8 jackals
  8 quokkas
  3 frilled lizards
  2 gnoll skeletons (Ossuary)
  3 goblin skeletons (Ossuary)
  6 kobolds
  A kobold skeleton (Ossuary)
  A leopard gecko skeleton (D:8)
  2 orc skeletons (Ossuary)
  6 rats
  11 rat skeletons (Ossuary)
254 creatures vanquished.

Vanquished Creatures (collateral kills)
  A centaur (D:6)
  A leopard gecko (D:6)
2 creatures vanquished.

Vanquished Creatures (others)
  2 orcs (D:7)
  2 withered plants (D:8)
4 creatures vanquished.

Grand Total: 260 creatures vanquished

Notes
Turn   | Place    | Note
-------+----------+-------------------------------------------
     0 | D:1      | Delamore the Gargoyle Fighter began the quest for the Orb.
     0 | D:1      | Reached XP level 1. HP: 14/14 MP: 1/1
   377 | D:1      | Reached XP level 2. HP: 19/19 MP: 2/2
   582 | D:1      | Reached XP level 3. HP: 18/24 MP: 3/3
  1810 | D:2      | Reached skill level 3 in Maces & Flails
  1810 | D:2      | Reached XP level 4. HP: 19/29 MP: 4/4
  2616 | D:3      | Reached XP level 5. HP: 28/34 MP: 5/5
  3347 | D:4      | Reached XP level 6. HP: 40/40 MP: 6/6
  3365 | D:4      | Reached skill level 5 in Fighting
  3365 | D:4      | Reached skill level 5 in Shields
  3376 | D:5      | Entered Level 5 of the Dungeon
  3656 | D:5      | Reached skill level 4 in Maces & Flails
  3656 | D:5      | Found an iron altar of Okawaru.
  3662 | D:5      | Became a worshipper of Warmaster Okawaru
  3721 | D:5      | Found Wyzaterie's Antique Armour Shop.
  3746 | D:5      | Found a broken altar of Ashenzari.
  3826 | D:5      | Found a sand-covered staircase.
  3834 | Ossuary  | Entered an ossuary
  4198 | Ossuary  | Reached skill level 5 in Maces & Flails
  4575 | Ossuary  | Reached XP level 7. HP: 33/44 MP: 7/7
  5225 | D:6      | Reached * piety under Okawaru
  5226 | D:6      | Reached skill level 6 in Maces & Flails
  5824 | D:6      | Noticed Menkaure
  5836 | D:6      | Killed Menkaure
  5837 | D:6      | Reached skill level 7 in Maces & Flails
  6181 | D:6      | Reached XP level 8. HP: 47/49 MP: 8/8
  6442 | D:7      | Reached skill level 8 in Maces & Flails
  6747 | D:7      | Reached ** piety under Okawaru
  7127 | D:7      | Reached skill level 9 in Maces & Flails
  7277 | D:7      | Noticed a yak
  7277 | D:7      | Noticed a yak
  7277 | D:7      | Noticed a yak
  7278 | D:7      | Noticed a yak
  7310 | D:7      | Killed a yak
  7311 | D:7      | Noticed a yak
  7315 | D:7      | Killed a yak
  7316 | D:7      | Reached skill level 10 in Maces & Flails
  7322 | D:7      | Noticed a yak
  7330 | D:7      | Killed a yak
  7331 | D:7      | Reached XP level 9. HP: 28/54 MP: 9/9
  7609 | D:7      | Reached *** piety under Okawaru
  7610 | D:7      | Reached skill level 11 in Maces & Flails
  8417 | D:7      | Found a shimmering blue altar of Sif Muna.
  8418 | D:7      | Found a hide-covered altar of Uskayaw.
  8431 | D:7      | Found a snail-covered altar of Cheibriados.
  9014 | D:8      | Reached skill level 12 in Maces & Flails
  9119 | D:8      | Found a flagged portal.
  9257 | Bailey   | Entered a bailey
  9396 | Bailey   | Reached **** piety under Okawaru
  9407 | Bailey   | Reached XP level 10. HP: 35/59 MP: 10/10
  9853 | Bailey   | Reached skill level 13 in Maces & Flails
 10065 | Bailey   | Found the +8 whip "Snakebite" {curare, rPois}
 10068 | Bailey   | Identified Wesocip's Advanced Spellweaving
 10583 | D:8      | Noticed a moth of wrath
 10584 | D:8      | Noticed Tinylith's ghost (novice DDFi)
 10594 | D:8      | Found a transporter.
 10594 | D:8      | Identified the +5 great mace "Xoint" {vorpal, Will++}
 10594 | D:8      | Noticed a two-headed ogre
 10597 | D:8      | Found a bloodstained altar of Trog.
 10615 | D:8      | Found a transporter.
 10718 | D:8      | Found a shadowy altar of Dithmenos.
 10931 | D:9      | Reached skill level 14 in Maces & Flails
 11300 | D:9      | Noticed Erolcha
 11311 | D:9      | Slain by Erolcha

Illustrated notes

Levels and vault maps discovered:
D:1:      dpeg_arrival_circle_labyrinth_b, layout_loops_ring,
          corexii_leaking_fountain, chequers_big_river
D:2:      layout_loops_ring
D:3:      layout_loops_ring
D:4:      layout_loops_corners, nicolae_overflow_crystal_walls,
          minmay_temple_entry_nine_rooms
D:5:      layout_basic, nicolae_ashenzari_panopticon, serial_shops,
          kennysheep_mini_moat, nicolae_ossuary_entry_plus, okawaru_trees_2
D:6:      layout_cave_pools, kennysheep_generic_room_10, uniq_menkaure
D:7:      wad_river_or_something, layout_basic,
          chequers_temple_overflow_statue_of_worship, grunt_ministairs_11,
          st_stairs_3
D:8:      layout_loops_cross, kennysheep_mini, serial_undead, serial_undead_b,
          serial_undead_a, serial_undead_a, serial_undead_e, enter_bailey_8,
          gammafunk_ghost_wrathful_warriors
D:9:      layout_cross, basic_altar, uniq_erolcha

Skill      XL: |  1  2  3  4  5  6  7  8  9 10 |
---------------+-------------------------------+-----
Fighting       | 4 5 |  5.1
Maces & Flails | 3 5 7 10 12 14 | 14.0
Shields        | 4 5 |  5.1
Armour         | |  3.2
Invocations    | |  0.9

Action                   |  1- 3 |  4- 6 |  7- 9 | 10-12 || total
-------------------------+-------+-------+-------+-------++-------
Melee: Flail             |   121 |   291 |   359 |       ||   771
       Mace              |       |       |   153 |   135 ||   288
       Whip              |       |       |       |   142 ||   142
Invok: Heroism           |       |       |     3 |     2 ||     5
 Abil: Evoke Invisibilit |       |       |       |     1 ||     1
  Use: Scroll            |       |     4 |     3 |       ||     7
 Stab: Invisible         |       |       |       |     5 ||     5
Armor: Scale mail        |    80 |   103 |    31 |       ||   214
       Plate armour      |       |       |   309 |   202 ||   511
Dodge: Dodged            |    37 |    78 |   132 |    69 ||   316
Block: Kite shield       |    64 |   111 |   343 |   164 ||   682
